 Dungeon Crawl Stone Soup version 0.28-a0-691-gad6df49e81 (webtiles) character file.

Game seed: 12016748481865699720

11929 RepHenryClay the Cleaver (level 11, -25/90 HPs)
             Began as a Naga Fighter on Oct 20, 2021.
             Was a High Priest of Cheibriados.
             Engulfed by a cloud of flame (60 damage)
             ... in a volcano.
             The game lasted 00:20:12 (9911 turns).

RepHenryClay the Cleaver (Naga Fighter)             Turns: 9911, Time: 00:20:13

Health: -25/90     AC: 15    Str: 31    XL:     11   Next: 85%
Magic:  11/16      EV:  7    Int: 20    God:    Cheibriados [*****.]
Gold:   791        SH: 11    Dex: 23    Spells: 10/10 levels left

rFire   . . .      SeeInvis +   a - +1 war axe (spect)
rCold   + + .      Faith    .   c - +0 buckler
rNeg    . . .      Spirit   .   H - +0 chain mail
rPois   +          Reflect  +   A - +1 hat {Will+}
rElec   .          Harm     .   N - +0 cloak
rCorr   .          Rampage  .   f - +1 pair of gloves
Will    ++...                   (no barding)
Stlth   ..........              q - amulet of reflection
HPRegen 0.25/turn               w - ring of Propriety {Drain rPois rC++ SInv}
MPRegen 0.15/turn               r - ring of flight

@: flying, very slow
A: AC +3, large, see invisible, deformed body, poison resistance, slowness 2,
spit poison 1, naga tail 1
a: Spit Poison, Renounce Religion, Bend Time, Temporal Distortion, Slouch, Step
From Time


You were in a volcano.
You worshipped Cheibriados.
Cheibriados was extremely pleased with you.
You visited 3 branches of the dungeon, and saw 12 of its levels.
You also visited: Ossuary and Volcano.

You collected 791 gold pieces.

Inventory:

Hand Weapons
 a - a +1 spectral war axe (weapon)
 o - a +2 mace of protection
Armour
 c - a +0 buckler (worn)
 f - a +1 pair of gloves (worn)
 i - a +2 helmet
 A - a +1 hat of willpower (worn)
 H - a +0 chain mail (worn)
 N - a +0 cloak (worn)
Jewellery
 l - an amulet of faith
 p - an amulet of guardian spirit
 q - an amulet of reflection (around neck)
 r - a ring of flight (right hand)
 s - a +6 ring of strength
 w - the ring of Propriety (left hand) {Drain rPois rC++ SInv}
   (You found it on level 4 of the Dungeon)

   [ring of see invisible]

   rC:        It greatly protects you from cold.
   rPois:     It protects you from poison.
   SInv:      It lets you see invisible.
   Drain:     It drains your maximum health when unequipped.
 z - a +4 ring of evasion
 C - an amulet of magic regeneration
 D - an amulet of regeneration
 J - a +6 ring of intelligence
Wands
 u - a wand of iceblast (5)
 v - a wand of paralysis (16)
 y - a wand of acid (6)
 G - a wand of flame (8)
Scrolls
 e - 3 scrolls of enchant weapon
 k - 2 scrolls of teleportation
 n - a scroll of fear
 B - a scroll of enchant armour
 F - 2 scrolls of amnesia {unknown}
 I - a scroll of holy word
 M - a scroll of fog {unknown}
Potions
 b - a potion of attraction
 d - a potion of might
 g - 3 potions of brilliance
 h - 4 potions of lignification
 j - 10 potions of curing
 m - a potion of degeneration
 t - 4 potions of mutation
 x - 2 potions of heal wounds
 E - a potion of flight {unknown}
 K - a potion of cancellation {unknown}
 L - a potion of magic {unknown}


   Skills:
 - Level 3.0 Fighting
 - Level 14.9 Axes
 - Level 7.7 Armour
 - Level 2.4 Shields
 + Level 7.2 Invocations


You had 10 spell levels left.
You didn't know any spells.
Your spell library contained the following spells:

 Spells                   Type           Power      Damage    Failure   Level
 Portal Projectile        Hex/Tloc       0%         N/A       93%         3
 Stone Arrow              Conj/Erth      0%         3d7       93%         3
 Animate Armour           Summ/Erth      0%         N/A       100%        4
 Blade Hands              Tmut           0%         N/A       100%        5
 Excruciating Wounds      Necr           0%         N/A       100%        5
 Irradiate                Conj/Tmut      0%         3d14      100%        5
 Dragon Form              Tmut           0%         N/A       100%        7
 Borgnjor's Revivificati  Necr           0%         N/A       100%        8
 Lehudib's Crystal Spear  Conj/Erth      0%         10d2      100%        8
 Necromutation            Tmut/Necr      0%         N/A       100%        8
 Death's Door             Necr           0%         N/A       100%        9


Dungeon Overview and Level Annotations

Branches:
Dungeon (9/15)             Temple (1/1) D:5            Lair (0/6) D:9
    Orc (2/2) D:9         Ossuary (visited)         Volcano (1/1)
    Elf: Orc:2

Altars:
Ashenzari
Cheibriados
Dithmenos
Gozag
Makhleb
Okawaru
Qazlal
Uskayaw
Wu Jian
Xom
Zin
The Shining One

Shops:
D:9 (   Orc:1 (

Annotations:
D:6 Maggie


Innate Abilities, Weirdness & Mutations

Your serpentine skin is tough. (AC +3)
You have supernaturally acute eyesight. (SInv)
Armour fits poorly on your strangely shaped body.
Your system is resistant to poisons. (rPois)
You cover ground very slowly.
You can spit poison.
You have a snake-like lower body.


Message History

The glob of lava hits you!! You block the fire bat's attack.
A fire bat comes into view.
The fire bat bites you but does no damage.
The lava snake spits lava at you. The glob of lava hits you!
The fire bat bites you but does no damage.
The lava snake bites you but does no damage.
Huge Dmg: -50%(-45hp) hp: 44%(39hp)
You can feel time thicken for a moment.
You kill the lava snake!
Cheibriados appreciates the change of pace.
You kill the fire bat!
Cheibriados thoroughly appreciates the change of pace.
You kill the fire bat!
Cheibriados thoroughly appreciates the change of pace.
You kill the lava snake!
Cheibriados appreciates the change of pace.
You kill the lava snake!
Cheibriados appreciates the change of pace.
You kill the fire bat!
Cheibriados thoroughly appreciates the change of pace.
You kill the fire bat!
Cheibriados thoroughly appreciates the change of pace.
Cheibriados raises the support of your attributes as your movement slows.
Cheibriados lowers the support of your attributes as your movement quickens.
Your Invocations skill increases to level 7!
Unknown command.
A lava snake comes into view.
A lava snake comes into view.
The air gets thick with the scent of sulphur.
The lava snake hisses angrily. x2
The lava snake spits lava at you. The glob of lava hits you!
* * * LOW HITPOINT WARNING * * *
Damage: -8%(-7hp) hp: 39%(35hp) Unknown command.
In the distance, the volcano erupts with a roar.
You are engulfed in blazing flames.
Ouch! That really hurt!
You die...

##.###..≈≈§§§§§≈≈.....#
#.##.#..≈≈§≈§≈≈≈≈.....#
##.#..##§≈≈≈§§≈≈≈§≈.....
..##..∩#.≈§§≈≈§≈≈≈≈§....
.##∩..##.≈≈§≈≈≈≈≈≈≈§≈...
..##.##..§§≈≈≈§☼§≈≈§§§..
##.#.#...§≈≈≈§○○§§☼§≈§..
##.##..≈§§≈≈≈§§○○§≈§≈.
###..≈≈§≈≈§§§☼☼@§§§≈≈.
#...≈≈≈≈○○§☼°○☼☼○S§§≈.
....§≈≈≈☼○☼☼§☼§○○§≈§≈.
.....≈≈☼○○○○§§§☼☼S≈§≈§
......§☼§○§§≈§☼≈§≈≈≈§
.....§☼§○≈§§§≈≈§≈§≈.
..§§≈≈ ≈§§§≈≈.. .
≈§≈....


You could see 2 lava snakes.

Vanquished Creatures
  Gastronok (D:8)
  2 two-headed ogres
  An orc sorcerer (Orc:1)
  An orc knight (Orc:2)
  Maurice (D:9)
  4 trolls
  Grinder (D:4)
  A hornet (D:9)
  Sigmund (D:5)
  A wyvern (D:8)
  7 fire bats (Volcano)
  6 yaks (D:8)
  Menkaure (D:6)
  2 wargs (Orc:1)
  8 orc warriors
  3 centaurs
  4 ogres
  3 wolves
  2 phantoms
  4 bullfrogs
  A gnoll sergeant (D:7)
  3 elf zombies (Ossuary)
  A wyvern zombie (D:8)
  A water moccasin skeleton (D:5)
  11 killer bees
  6 wights (D:8)
  2 electric eels (D:9)
  3 howler monkeys
  3 centaur zombies
  4 lava snakes (Volcano)
  3 jellies
  6 hounds
  A gnoll shaman (Orc:1)
  5 orc priests
  A centaur skeleton (D:7)
  2 human zombies (Ossuary)
  Natasha (D:4)
  3 iguanas
  4 orc wizards
  A killer bee zombie (D:8)
  A hound skeleton (D:5)
  2 mummies (Ossuary)
  A howler monkey zombie (D:6)
  Robin (D:3)
  13 gnolls
  5 adders
  A shadow imp (D:6)
  An adder zombie (Ossuary)
  2 dart slugs
  23 orcs
  8 ball pythons
  9 endoplasms
  A giant cockroach (D:2)
  14 goblins
  9 hobgoblins
  7 jackals
  7 kobolds
  A quokka (D:3)
  9 bats
  4 frilled lizards
  A goblin zombie (Ossuary)
  9 hobgoblin zombies (Ossuary)
  2 jackal zombies (Ossuary)
  12 kobold zombies (Ossuary)
  5 orc zombies (Ossuary)
  5 rats
  2 rat zombies (Ossuary)
271 creatures vanquished.

Notes
Turn   | Place    | Note
-------+----------+-------------------------------------------
     0 | D:1      | RepHenryClay the Naga Fighter began the quest for the Orb.
     0 | D:1      | Reached XP level 1. HP: 21/21 MP: 1/1
   172 | D:1      | Reached XP level 2. HP: 27/28 MP: 2/2
   315 | D:1      | Reached skill level 3 in Axes
   473 | D:1      | Found a faded altar of an unknown god.
   626 | D:1      | Reached XP level 3. HP: 34/34 MP: 3/3
  1301 | D:2      | Reached skill level 4 in Axes
  1690 | D:3      | Noticed an ogre
  1698 | D:3      | Killed an ogre
  1699 | D:3      | Reached skill level 5 in Axes
  1699 | D:3      | Reached XP level 4. HP: 24/42 MP: 4/4
  1699 | D:3      | Reached XP level 5. HP: 28/49 MP: 5/5
  1899 | D:3      | Noticed Robin
  1916 | D:3      | Killed Robin
  2047 | D:3      | Reached skill level 6 in Axes
  2445 | D:4      | Identified the ring of Propriety {Drain rPois rC++ SInv}
  2486 | D:4      | Reached XP level 6. HP: 47/56 MP: 6/6
  2552 | D:4      | Noticed Grinder
  2738 | D:4      | Paralysed by Grinder for 3 turns
  2747 | D:4      | Killed Grinder
  2748 | D:4      | Reached skill level 7 in Axes
  2748 | D:4      | Reached XP level 7. HP: 43/62 MP: 7/7
  3255 | D:4      | Noticed Natasha
  3261 | D:4      | Killed Natasha
  3318 | D:5      | Entered Level 5 of the Dungeon
  3349 | D:5      | Reached skill level 8 in Axes
  3389 | D:5      | Found a shimmering altar of Xom.
  3627 | D:5      | Noticed Sigmund
  3635 | D:5      | Killed Sigmund
  3636 | D:5      | Reached skill level 9 in Axes
  3636 | D:5      | Reached XP level 8. HP: 57/69 MP: 8/8
  3846 | D:5      | Found a staircase to the Ecumenical Temple.
  3944 | Temple   | Entered the Ecumenical Temple
  3978 | Temple   | Became a worshipper of Cheibriados the Contemplative
  4169 | D:5      | Found a burning altar of Makhleb.
  4169 | D:5      | Found a stormy altar of Qazlal.
  4277 | D:6      | Noticed Menkaure
  4526 | D:6      | Killed Menkaure
  4527 | D:6      | Reached skill level 10 in Axes
  4875 | D:6      | Reached skill level 11 in Axes
  4994 | D:6      | Reached XP level 9. HP: 72/75 MP: 9/9
  5008 | D:6      | Noticed Maggie
  5274 | D:7      | Reached skill level 12 in Axes
  5310 | D:7      | Reached * piety under Cheibriados
  5986 | D:8      | Noticed Gastronok
  5997 | D:8      | Killed Gastronok
  5998 | D:8      | Reached skill level 14 in Axes
  5998 | D:8      | Reached XP level 10. HP: 10/84 MP: 10/10
  6029 | D:8      | Found a sand-covered staircase.
  6033 | Ossuary  | Entered an ossuary
  6338 | Ossuary  | Reached ** piety under Cheibriados
  6623 | D:8      | Reached *** piety under Cheibriados
  6744 | D:8      | Noticed a two-headed ogre
  6753 | D:8      | Killed a two-headed ogre
  7008 | D:8      | Reached skill level 5 in Armour
  7018 | D:8      | Reached **** piety under Cheibriados
  7976 | D:9      | Noticed a two-headed ogre
  7978 | D:9      | Reached XP level 11. HP: 60/90 MP: 11/11
  8250 | D:9      | Killed a two-headed ogre
  8690 | D:9      | Found Sask's Weapon Emporium.
  8729 | D:9      | Found a staircase to the Lair.
  8805 | D:9      | Noticed Maurice
  8819 | D:9      | Killed Maurice
  8820 | D:9      | Reached skill level 1 in Invocations
  8929 | D:9      | Found an opulent altar of Gozag.
  8930 | D:9      | Found an iron altar of Okawaru.
  8930 | D:9      | Found a hide-covered altar of Uskayaw.
  9307 | D:9      | Found a staircase to the Orcish Mines.
  9522 | Orc:1    | Entered Level 1 of the Orcish Mines
  9619 | Orc:2    | Entered Level 2 of the Orcish Mines
  9629 | Orc:1    | Noticed an orc sorcerer
  9637 | Orc:1    | Killed an orc sorcerer
  9660 | Orc:1    | Noticed an orc knight
  9676 | Orc:2    | Killed an orc knight
  9676 | Orc:2    | Reached ***** piety under Cheibriados
  9677 | Orc:2    | Reached skill level 5 in Invocations
  9700 | Orc:1    | Found Qiutir's Weapon Emporium.
  9742 | Orc:1    | Found a dark tunnel.
  9799 | Volcano  | Entered a volcano
  9911 | Volcano  | Engulfed by a cloud of flame

Illustrated notes

Levels and vault maps discovered:
D:1:      scummos_arrival_simple_crosswalls, layout_rooms,
          shapermc_ecumenical_altar_venn
D:2:      layout_basic, st_stairs_5
D:3:      layout_basic, grunt_decor_junction, minmay_strange_pillars, uniq_robin
D:4:      layout_loops_ring, uniq_grinder, uniq_natasha
D:5:      layout_rooms, old_standard_altar, gammafunk_temple_overflow_statue,
          minmay_temple_entry_drinking_statues, minmay_diced_spiral,
          uniq_sigmund
D:6:      layout_rooms, nrook_loot_triangle, hangedman_decor_growths,
          uniq_maggie, uniq_menkaure
D:7:      layout_loops_cross
D:8:      layout_basic, nicolae_ossuary_entry_false_entrances, minmay_puff,
          uniq_gastronok
D:9:      layout_small_grid, chequers_temple_overflow_statue_of_worship,
          erik_lair_island, orc_0_dummy, serial_shops, nicolae_diamond_shop,
          minmay_misc_feat_alley, grunt_decor_resistance, uniq_maurice
Temple:   nicolae_temple_elliptical
Orc:1:    layout_caves, nicolae_volcano_entry_s_turn, serial_shops,
          nicolae_shop_behind_doors, shop, shop
Orc:2:    grunt_orc_community_town_hall, layout_diamond_mine,
          grunt_orc_community_big_house_2, grunt_orc_community_big_house_2,
          grunt_orc_community_house_3, grunt_orc_community_house_3,
          grunt_orc_community_house_1, grunt_orc_community_house_3,
          grunt_orc_community_house_3, grunt_orc_community_house_1,
          serial_shops, nicolae_shop_temple_entry_statues_fountains,
          minmay_orc_treasury
Volcano:  volcano_grotto [vgs_dualism]

Skill      XL: |  1  2  3  4  5  6  7  8  9 10 11 |
---------------+----------------------------------+-----
Axes           | 3 5 6 7 9 11 14 | 14.9
Armour         | 6 7 |  7.7
Invocations    | 7 |  7.2
Fighting       | |  3.0
Shields        | |  2.4

Action                   |  1- 3 |  4- 6 |  7- 9 | 10-12 || total
-------------------------+-------+-------+-------+-------++-------
Melee: War axe           |   129 |    76 |   132 |   214 ||   551
Invok: Slouch            |       |       |       |     1 ||     1
 Abil: Spit Poison       |     1 |     3 |     2 |     4 ||    10
Evoke: Wand              |       |       |     4 |    10 ||    14
  Use: Scroll            |       |     7 |     8 |     2 ||    17
       Potion            |       |       |     1 |     6 ||     7
 Stab: Distracted        |       |       |     1 |     5 ||     6
       Paralysed         |       |       |       |     1 ||     1
Armor: Scale mail        |    88 |    41 |    53 |       ||   182
       Chain mail        |       |       |     5 |    80 ||    85
Dodge: Dodged            |    75 |    26 |    43 |    72 ||   216
Block: Buckler           |    29 |    37 |    61 |   122 ||   249
       Reflection        |       |       |     4 |     4 ||     8

Table legend: (Time is in decaauts)
 A = Elapsed time spent in this place.
 B = Non-inter-level travel time spent in this place.
 C = Inter-level travel time spent in this place.
 D = Time resting spent in this place.
 E = Time spent auto-exploring this place.
 F = Levels seen in this place.
 G = Mean time per level.
                   A        B        C        D        E       F      G
               +--------+--------+--------+--------+--------+-----+--------+
         Total |  14574 |  13933 |    641 |   2009 |   9605 |  14 | 1041.0 |
       Dungeon |  13106 |  12622 |    484 |   1691 |   9207 |   9 | 1456.2 |
        Temple |     77 |     47 |     30 |      0 |     35 |   1 |   77.0 |
  Orcish Mines |    513 |    387 |    126 |     51 |      0 |   2 |  256.5 |
       Ossuary |    718 |    718 |      0 |    267 |    280 |   1 |  718.0 |
       Volcano |    159 |    159 |      0 |      0 |     82 |   1 |  159.0 |
               +--------+--------+--------+--------+--------+-----+--------+

Top non-repeatable levels by time:
     D:8: 3213 daAuts
     D:9: 1982 daAuts
     D:5: 1514 daAuts
     D:7: 1467 daAuts
     D:3: 1374 daAuts
     D:2: 1069 daAuts
     D:4: 938 daAuts
     D:1: 860 daAuts
 Ossuary: 718 daAuts
     D:6: 687 daAuts
   Orc:1: 497 daAuts
 Volcano: 159 daAuts
  Temple: 77 daAuts
   Orc:2: 16 daAuts
